 Dungeon Sprint DCSS version 0.19-a0-1654-g9d3f708 (webtiles) character file.

63294 George the Warrior (level 14, -46/153 HPs)
             Began as a Minotaur Fighter on Sept 20, 2016.
             Was the Champion of Makhleb.
             Killed from afar by Xtahua (78 damage)
             ... with a searing blast
             ... in the Dungeon (Sprint IX: "|||||||||||||||||||||||||||||").
             The game lasted 00:15:52 (3087 turns).

George the Warrior (Minotaur Fighter)               Turns: 3087, Time: 00:15:53

Health: -46/153    AC: 33    Str: 23    XL:     14   Next: 67%
Magic:  25/25      EV: 19    Int:  5    God:    Makhleb [******]
Gold:   185        SH: 23    Dex: 14    Spells: 0 memorised, 13 levels left

rFire  . . .     SeeInvis .     I - +3 scimitar (flame)
rCold  . . .     Gourm    .     r - +1 plate armour {MR+}
rNeg   . . .     Faith    .     J - +0 large shield
rPois  .         Spirit   .     (helmet restricted)
rElec  .         Dismiss  .     D - +0 cloak
rCorr  .         Reflect  .     E - +1 pair of gloves {Str+3}
MR     ++...     Harm     .     q - +0 pair of boots {run}
Stlth  .......... NoTele   +    F - amulet of regeneration
                                G - +4 ring of evasion
                                s - +5 ring of protection

@: quick
A: retaliatory headbutt, horns 2, rugged brown scales 1, blink, weak 1, subdued
magic 1
a: Blink, Minor Destruction, Lesser Servant of Makhleb, Major Destruction,
Greater Servant of Makhleb, Renounce Religion


You were in the Dungeon.
You worshipped Makhleb.
Makhleb was exalted by your worship.
You were not hungry.

You visited 1 branch You collected 1921 gold pieces.
You spent 1736 gold pieces at shops.

Inventory:

Hand Weapons
 x - a +9 blowgun
 I - a +3 scimitar of flaming (weapon)
Armour
 q - a +0 pair of boots of running (worn)
 r - a +1 plate armour of magic resistance (worn)
 D - a +0 cloak (worn)
 E - a +1 pair of gloves of strength (worn)
 J - a +0 large shield (worn)
Jewellery
 b - an uncursed ring of ice
 s - a +5 ring of protection (left hand)
 F - an amulet of regeneration (around neck)
 G - a +4 ring of evasion (right hand)
Wands
 o - a wand of acid (7/15)
Scrolls
 k - 2 scrolls of blinking
 m - 5 scrolls of remove curse
 n - 2 scrolls of amnesia
 v - 2 scrolls of enchant armour
 w - 2 scrolls of identify
 y - 2 scrolls of fog
 z - a scroll of recharging
 A - 2 scrolls of fear
Potions
 a - a potion of resistance
 d - 3 potions of might
 e - 8 potions of curing
 g - 5 potions of heal wounds
 h - 3 potions of haste
 i - 4 potions of magic
 j - a potion of berserk rage
 l - a potion of invisibility
 u - 2 potions of cure mutation
 H - a potion of brilliance
Comestibles
 f - 13 bread rations
 B - 40 fruits
 C - 12 meat rations


   Skills:
 + Level 20.5 Fighting
 + Level 20.3 Long Blades
 + Level 20.5 Armour
 + Level 14.8 Dodging
 + Level 20.4 Shields
 + Level 17.2 Invocations


You had 13 spell levels left.
You didn't know any spells.

Dungeon Overview and Level Annotations

Branches:
Dungeon (1/1)

Altars:
Cheibriados
Dithmenos
Elyvilon
Fedhas
Gozag
Hepliaklqana
Kikubaaqudgha
Makhleb
Nemelex Xobeh
Okawaru
Qazlal
Ru
Sif Muna
Trog
Uskayaw
Vehumet
Xom
Yredelemnul
Zin
The Shining One
Beogh
Jiyva
Lugonu

Shops:
D [!=:

Annotations:
D Nessos, Xtahua


Innate Abilities, Weirdness & Mutations

You reflexively headbutt those who attack you in melee.
You have a pair of horns on your head.
You are partially covered in rugged brown scales. (AC +1, +3% HP)
You can translocate small distances at will.
You are weak. (Str -2)
Your spells are a little easier to cast, but a little less powerful.


Message History

* * * LOW HITPOINT WARNING * * *
Xtahua roars, "DIE, PUNY ONE!"
You are engulfed in roaring flames.
You can move again.
You feel much better.
Nessos pounds the earth with his hooves.
Nessos blinks!
Xtahua glares at you. You block Xtahua's attack. Xtahua closely misses you.
Xtahua tramples you but does no damage.
You slash Xtahua!
Xtahua is lightly wounded.
Xtahua breathes flames at you. The searing blast hits you!
* * * LOW HITPOINT WARNING * * *
You feel much better. Xtahua breathes flames at you.
The searing blast hits you!
Ouch! That really hurt!
You die...

.........................).......
▓▓▓▓▓▓▓▓▓▓▓▓▓▓▓▓▓▓▓▓▓▓▓♣♣♣♣♣♣♣♣♣♣
............'.....†..)'........)†
.▓▓▓▓▓▓▓▓▓▓▓▓▓▓▓▓▓▓▓▓▓▓♣♣♣♣♣♣♣♣♣♣
.................................
▓▓▓▓▓▓▓▓▓▓▓▓▓▓▓▓▓▓▓▓▓▓▓▓▓▓▓▓▓▓▓▓▓
.........'.).(......).....)))((((
.▓▓▓▓▓▓▓▓▓▓▓▓▓▓▓▓▓▓▓▓▓▓▓▓▓▓▓▓▓▓▓▓
.............§..@Dc.....
▓▓▓▓▓▓▓▓▓▓▓▓▓▓▓▓▓▓▓▓▓▓▓▓


You could see Xtahua and Nessos.

Vanquished Creatures
  An Orb Guardian (D)
  2 thorn hunters (D)
  A frost giant (D)
  A vault warden (D)
  An emperor scorpion (D)
  A very ugly thing (D)
  2 ironheart preservers (D)
  5 stone giants (D)
  A mottled draconian (D)
  2 yaktaur captains (D)
  A great orb of eyes (D)
  A vault guard (D)
  3 fire dragons (D)
  A hydra (D)
  Erolcha (D)
  A rakshasa (D)
  4 ice dragons (D)
  2 naga warriors (D)
  A merfolk avatar (D)
  An anaconda (D)
  3 ogre magi (D)
  A catoblepas (D)
  Erica (D)
  2 tengu warriors (D)
  A deep troll earth mage (D)
  2 naga sharpshooters (D)
  2 spriggan berserkers (D)
  A spriggan druid (D)
  2 wizards (D)
  6 hill giants (D)
  A sea snake (D)
  A deep troll (D)
  2 deep elf archers (D)
  A glowing orange brain (D)
  3 ironbrand convokers (D)
  A naga ritualist (D)
  A mana viper (D)
  3 orc knights (D)
  A deep elf mage (D)
  A wolf spider (D)
  2 orb spiders (D)
  An ugly thing (D)
  A moth of wrath (D)
  A manticore (D)
  A cyclops (D)
  A naga mage (D)
  2 black mambas (D)
  A gargoyle (D)
  A water nymph (D)
  5 spiny frogs (D)
  A vault sentinel (D)
  A rime drake (D)
  2 yaktaurs (D)
  A freezing wraith (D)
  A merfolk (D)
  A wind drake (D)
  5 trolls (D)
  A tyrant leech (D)
  A slime creature (D)
  5 blink frogs (D)
  A raiju (shapeshifter) (D)
  3 hippogriffs (D)
  2 snapping turtles (D)
  A shadow (D)
  2 redbacks (D)
  2 tarantellas (D)
  A redback (shapeshifter) (D)
  A water elemental (D)
  A human (shapeshifter) (D)
  A basilisk (D)
  3 vampire mosquitoes (D)
  A mottled dragon (D)
  A naga (D)
  5 water moccasins (D)
  2 porcupines (D)
  12 orc warriors (D)
  A phantom (D)
  2 ogres (D)
  A crocodile (D)
  A big kobold (D)
  2 centaurs (D)
  2 bullfrogs (D)
  A killer bee (D)
  7 orc wizards (D)
  A gnoll shaman (D)
  2 orc priests (D)
  A quasit (D)
  An iguana (D)
  A shadow imp (D)
  An ooze (D)
  2 adder skeletons (D)
  A dart slug (D)
  5 orcs (D)
  A bat (D)
  A giant cockroach (D)
  A hobgoblin (D)
  A leopard gecko skeleton (D)
  A rat (D)
180 creatures vanquished.

Vanquished Creatures (others)
  A swamp drake (D)
  A bat skeleton (D)
  A briar patch (D)
3 creatures vanquished.

Grand Total: 183 creatures vanquished

Notes
Turn   | Place    | Note
-------+----------+-------------------------------------------
     0 | D        | George the Minotaur Fighter began the quest for the Orb.
     0 | D        | Reached XP level 1. HP: 19/19 MP: 0/0
    12 | D        | Reached XP level 2. HP: 23/28 MP: 1/1
    73 | D        | Reached skill level 5 in Fighting
    73 | D        | Reached skill level 5 in Armour
    73 | D        | Reached skill level 5 in Shields
    73 | D        | Reached XP level 3. HP: 28/36 MP: 2/2
   223 | D        | Found a roughly hewn altar of Beogh.
   223 | D        | Found a snail-covered altar of Cheibriados.
   223 | D        | Found a shadowy altar of Dithmenos.
   223 | D        | Found a white marble altar of Elyvilon.
   223 | D        | Found a blossoming altar of Fedhas.
   223 | D        | Found an opulent altar of Gozag.
   224 | D        | Found a hazy altar of Hepliaklqana.
   225 | D        | Found a viscous altar of Jiyva.
   226 | D        | Found an ancient bone altar of Kikubaaqudgha.
   227 | D        | Found a corrupted altar of Lugonu.
   228 | D        | Found a burning altar of Makhleb.
   229 | D        | Found a sparkling altar of Nemelex Xobeh.
   230 | D        | Found an iron altar of Okawaru.
   231 | D        | Found a stormy altar of Qazlal.
   232 | D        | Found a sacrificial altar of Ru.
   233 | D        | Found a deep blue altar of Sif Muna.
   234 | D        | Found a bloodstained altar of Trog.
   235 | D        | Found a hide-covered altar of Uskayaw.
   236 | D        | Found a radiant altar of Vehumet.
   238 | D        | Became a worshipper of Makhleb the Destroyer
   240 | D        | Found a shimmering altar of Xom.
   241 | D        | Found a basalt altar of Yredelemnul.
   242 | D        | Found a glowing silver altar of Zin.
   243 | D        | Found a glowing golden altar of the Shining One.
   293 | D        | Noticed a centaur
   293 | D        | Noticed an ogre
   293 | D        | Noticed a phantom
   293 | D        | Noticed a big kobold
   293 | D        | Noticed a killer bee
   295 | D        | Killed a killer bee
   295 | D        | Reached skill level 5 in Long Blades
   295 | D        | Reached skill level 1 in Invocations
   295 | D        | Reached XP level 4. HP: 44/44 MP: 2/4
   307 | D        | Killed a big kobold
   307 | D        | Reached * piety under Makhleb
   307 | D        | Reached XP level 5. HP: 48/52 MP: 3/6
   309 | D        | Killed an ogre
   318 | D        | Killed a centaur
   318 | D        | Reached XP level 6. HP: 59/61 MP: 4/8
   322 | D        | Reached ** piety under Makhleb
   322 | D        | Reached skill level 5 in Invocations
   361 | D        | Noticed a cyclops
   361 | D        | Noticed a hippogriff
   361 | D        | Noticed a gargoyle
   361 | D        | Noticed a hill giant
   366 | D        | Killed a hill giant
   366 | D        | Reached skill level 10 in Fighting
   366 | D        | Reached skill level 10 in Armour
   366 | D        | Reached skill level 10 in Shields
   366 | D        | Reached XP level 7. HP: 72/72 MP: 9/11
   370 | D        | Reached XP level 8. HP: 79/79 MP: 9/12
   375 | D        | Killed a gargoyle
   375 | D        | Reached skill level 10 in Long Blades
   378 | D        | Reached *** piety under Makhleb
   387 | D        | Killed a hippogriff
   390 | D        | Killed a cyclops
   448 | D        | Noticed Erolcha
   501 | D        | Killed Erolcha
   501 | D        | Reached **** piety under Makhleb
   501 | D        | Reached XP level 9. HP: 83/90 MP: 14/14
   564 | D        | Noticed a spiny frog
   571 | D        | Killed a spiny frog
   580 | D        | Noticed a rime drake
   583 | D        | Noticed a catoblepas
   591 | D        | Reached ***** piety under Makhleb
   600 | D        | Killed a catoblepas
   600 | D        | Reached skill level 10 in Invocations
   600 | D        | Reached XP level 10. HP: 83/101 MP: 16/16
   691 | D        | Noticed a spiny frog
   691 | D        | Noticed a black mamba
   691 | D        | Noticed a black mamba
   701 | D        | Killed a black mamba
   704 | D        | Killed a black mamba
   711 | D        | Killed a spiny frog
   711 | D        | Reached ****** piety under Makhleb
   905 | D        | Noticed a spiny frog
   905 | D        | Noticed a spiny frog
   906 | D        | Noticed a spiny frog
   907 | D        | Killed a spiny frog
   927 | D        | Killed a spiny frog
   929 | D        | Killed a spiny frog
  1078 | D        | Reached XP level 11. HP: 111/111 MP: 18/18
  1161 | D        | Reached skill level 1 in Dodging
  1317 | D        | Found Hous's Book Boutique.
  1317 | D        | Noticed a hill giant
  1317 | D        | Noticed a hill giant
  1319 | D        | Noticed an ogre mage
  1322 | D        | Killed a hill giant
  1325 | D        | Noticed a stone giant
  1331 | D        | Killed a hill giant
  1331 | D        | Reached skill level 15 in Fighting
  1331 | D        | Reached skill level 15 in Armour
  1343 | D        | Killed a stone giant
  1343 | D        | Reached skill level 15 in Long Blades
  1343 | D        | Reached skill level 15 in Shields
  1349 | D        | Found Hubul's Jewellery Shop.
  1355 | D        | Killed an ogre mage
  1355 | D        | Reached skill level 5 in Dodging
  1367 | D        | Found Woshaam's Distillery.
  1369 | D        | Noticed an ogre mage
  1370 | D        | Found Lupeono's Armour Shop.
  1371 | D        | Noticed a hill giant
  1373 | D        | Noticed a hill giant
  1378 | D        | Killed an ogre mage
  1379 | D        | Noticed a deep troll
  1385 | D        | Killed a hill giant
  1389 | D        | Killed a hill giant
  1396 | D        | Killed a deep troll
  1493 | D        | Bought a +1 pair of gloves of strength for 214 gold pieces
  1511 | D        | Bought a potion of resistance for 130 gold pieces
  1511 | D        | Bought a potion of might for 52 gold pieces
  1511 | D        | Bought a potion of might for 52 gold pieces
  1511 | D        | Bought a potion of curing for 39 gold pieces
  1511 | D        | Bought a potion of curing for 39 gold pieces
  1520 | D        | Bought a +5 ring of protection for 550 gold pieces
  1520 | D        | Bought an uncursed amulet of regeneration for 300 gold pieces
  1520 | D        | Bought a +4 ring of evasion for 360 gold pieces
  1665 | D        | Identified a +0 pair of boots of running (You found it in the Dungeon)
  1688 | D        | Noticed a tengu warrior
  1688 | D        | Noticed a fire dragon
  1694 | D        | Noticed a deep elf mage
  1703 | D        | Killed a fire dragon
  1703 | D        | Reached XP level 12. HP: 98/122 MP: 20/20
  1704 | D        | Noticed a stone giant
  1722 | D        | Killed a tengu warrior
  1733 | D        | Noticed an ice dragon
  1744 | D        | Killed a stone giant
  1752 | D        | Noticed a rakshasa
  1759 | D        | Noticed a tengu warrior
  1761 | D        | Noticed a stone giant
  1762 | D        | Killed an ice dragon
  1773 | D        | Killed a rakshasa
  1786 | D        | Killed a stone giant
  1798 | D        | Killed a tengu warrior
  1873 | D        | Noticed Erica
  1882 | D        | Killed Erica
  1951 | D        | Noticed a naga warrior
  1951 | D        | Noticed an anaconda
  1951 | D        | Noticed a naga warrior
  1965 | D        | Killed a naga warrior
  1981 | D        | Killed an anaconda
  1995 | D        | Killed a naga warrior
  1995 | D        | Reached skill level 10 in Dodging
  2021 | D        | Reached XP level 13. HP: 91/133 MP: 22/22
  2188 | D        | Noticed an emperor scorpion
  2213 | D        | Killed an emperor scorpion
  2278 | D        | Noticed a thorn hunter
  2278 | D        | Noticed a thorn hunter
  2297 | D        | Killed a thorn hunter
  2303 | D        | Killed a thorn hunter
  2303 | D        | Reached skill level 15 in Invocations
  2615 | D        | Noticed a brown very ugly thing
  2638 | D        | Killed a brown very ugly thing
  2662 | D        | Noticed a fire dragon
  2663 | D        | Noticed a fire dragon
  2664 | D        | Noticed a stone giant
  2665 | D        | Noticed a frost giant
  2673 | D        | Killed a fire dragon
  2685 | D        | Killed a fire dragon
  2689 | D        | HP: 5/137 [stone giant (30)]
  2691 | D        | Killed a stone giant
  2691 | D        | Reached XP level 14. HP: 59/146 MP: 25/25
  2697 | D        | Paralysed by a floating eye for 2 turns
  2708 | D        | Killed a frost giant
  2717 | D        | HP: 4/146 [ice dragon/blast of cold (39)]
  2749 | D        | Gained mutation: You are weak. (Str -2) [mutagenic meat]
  2752 | D        | Gained mutation: You occasionally shout uncontrollably at your foes. [mutagenic meat]
  2755 | D        | Gained mutation: You can translocate small distances at will. [mutagenic meat]
  2781 | D        | Gained mutation: You are partially covered in rugged brown scales. (AC +1, +3% HP) [mutagenic meat]
  2784 | D        | Gained mutation: You are surrounded by a mild repulsion field. (EV +2) [mutagenic meat]
  2787 | D        | Lost mutation: You are surrounded by a mild repulsion field. (EV +2) [mutagenic meat]
  2790 | D        | Lost mutation: You occasionally shout uncontrollably at your foes. [mutagenic meat]
  2793 | D        | Gained mutation: Your spells are a little easier to cast, but a little less powerful. [mutagenic meat]
  2911 | D        | Noticed an ironheart preserver
  2911 | D        | Noticed an Orb Guardian
  2929 | D        | Killed an Orb Guardian
  2935 | D        | Noticed an ironheart preserver
  2961 | D        | Killed an ironheart preserver
  2964 | D        | Killed an ironheart preserver
  2979 | D        | Noticed a stone giant
  2994 | D        | Killed a stone giant
  3037 | D        | Noticed a vault warden
  3048 | D        | Killed a vault warden
  3076 | D        | Noticed Xtahua
  3077 | D        | Noticed Nessos
  3077 | D        | Paralysed by Xtahua for 7 turns
  3086 | D        | HP: 3/153 [Xtahua/searing blast (60)]
  3087 | D        | Killed from afar by Xtahua

Vault maps used:
D:        linesprint

Skill      XL: |  1  2  3  4  5  6  7  8  9 10 11 12 13 14 |
---------------+-------------------------------------------+-----
Fighting       | 4 5 6 7 8 10 12 13 14 16 17 19 20 | 20.5
Long Blades    | 3 4 5 6 7 9 11 12 14 15 17 19 20 | 20.3
Armour         | 4 5 6 7 8 10 12 13 14 16 17 19 20 | 20.5
Shields        | 4 5 6 7 8 10 12 14 15 17 19 20 | 20.4
Invocations    | 1 3 4 7 9 10 11 13 14 16 17 | 17.2
Dodging        | 7 10 13 14 | 14.8

Action                   |  1- 3 |  4- 6 |  7- 9 | 10-12 | 13-15 || total
-------------------------+-------+-------+-------+-------+-------++-------
Melee: Long sword        |    30 |       |       |       |       ||    30
       Headbutt          |    10 |     8 |    14 |   119 |   131 ||   282
       Scimitar          |     2 |    32 |    56 |   424 |   444 ||   958
       Unarmed           |       |       |     3 |       |       ||     3
  Use: Potion            |       |       |       |       |     6 ||     6
 Stab: Confused          |       |       |       |       |     1 ||     1
  Eat: Chunk             |       |       |       |     4 |    12 ||    16
Armor: Scale mail        |     2 |       |       |       |       ||     2
       Plate armour      |     1 |    10 |    19 |    93 |    72 ||   195
Dodge: Dodged            |    11 |     5 |    13 |    77 |    82 ||   188
Block: Shield            |    11 |    16 |    24 |   175 |       ||   226
       Large shield      |       |       |       |       |   277 ||   277
